 Dungeon Crawl Stone Soup version 0.30-a0-879-ga8ba668304 (webtiles) character file.

Game seed: 8404460542970011958

2424 bobo the Skirmisher (level 9, -12/58 HPs)
             Began as a Kobold Hunter on Mar 12, 2023.
             Was a Follower of Fedhas.
             Killed by the air
             ... invoked by Gastronok
              (25 damage)
             ... on level 8 of the Dungeon.
             The game lasted 00:31:01 (8957 turns).

bobo the Skirmisher (Kobold Hunter)                 Turns: 8957, Time: 00:31:02

Health: -12/58     AC: 10    Str:  8    XL:     9   Next: 76%
Magic:  22/24      EV: 20    Int: 10    God:    Fedhas [*.....]
Gold:   103        SH:  0    Dex: 23    Spells: 14/16 levels left

rFire   + + .      SeeInvis .    s - +1 triple crossbow
rCold   + . .      Faith    .    (shield currently unavailable)
rNeg    . . .      Spirit   .    C - +1 leather armour of Vuas {rElec MP+9}
rPois   +          Reflect  .    f - +2 hat
rElec   +          Rampage  .    z - +0 cloak
rCorr   +          Clarity  +    (no gloves)
Will    .....                    y - +2 pair of boots
Stlth   +++++                    (no amulet)
HPRegen 0.29/turn                e - +5 ring of evasion
MPRegen 0.19/turn                k - ring of protection from fire

@: resistant, on blink cooldown
A: small, no large weapons, nightstalker 3, claws 1, horns 1, clarity
a: Renounce Religion


You were on level 8 of the Dungeon.
You worshipped Fedhas.
Fedhas was aware of your devotion.
You visited 2 branches of the dungeon, and saw 9 of its levels.

You collected 439 gold pieces.
You spent 336 gold pieces at shops.

Inventory:

Hand Weapons
 a - the +1 sling "Pawejuyst" {freeze, rCorr Str+3 Int+2}
   (You found it on level 7 of the Dungeon)

   Str:       It affects your strength (+3).
   Int:       It affects your intelligence (+2).
   rCorr:     It protects you from acid and corrosion.
 s - a +1 triple crossbow (weapon)
Armour
 f - a +2 hat (worn)
 y - a +2 pair of boots (worn)
 z - a +0 cloak (worn)
 B - a scarf of invisibility
 C - the +1 leather armour of Vuas (worn) {rElec MP+9}
   (You bought it in a shop on level 4 of the Dungeon)

   rElec:     It insulates you from electricity.
   MP:        It affects your magic capacity (+9).
Jewellery
 e - a +5 ring of evasion (left claw)
 g - an amulet of faith
 k - a ring of protection from fire (right claw)
 E - a ring of fire
Scrolls
 b - a scroll of immolation
 m - a scroll of magic mapping {unknown}
 o - a scroll of enchant armour
 p - 2 scrolls of vulnerability
 t - a scroll of enchant weapon
 u - 2 scrolls of teleportation {unknown}
 w - a scroll of poison {unknown}
 D - a scroll of amnesia {unknown}
Potions
 c - 4 potions of brilliance
 d - 2 potions of might
 j - 3 potions of flight
 r - a potion of mutation
 v - a potion of haste {unknown}
 x - a potion of invisibility {unknown}
 F - a potion of magic {unknown}
 H - a potion of lignification {unknown}


   Skills:
 + Level 7.7 Fighting
 + Level 10.2 Ranged Weapons
 - Level 2.4 Dodging
 + Level 6.5 Stealth
 - Level 4.0 Spellcasting
 - Level 4.0 Translocations
 + Level 2.9 Invocations


You had 14 spell levels left.
You knew the following spells:

 Your Spells              Type           Power      Damage    Failure   Level
a - Blink                 Tloc           20%        N/A       11%         2

Your spell library contained the following spells:

 Spells                   Type           Power      Damage    Failure   Level
 Lesser Beckoning         Tloc           20%        N/A       11%         2
 Momentum Strike          Conj/Tloc      12%        3d8       24%         2
 Vhi's Electric Charge    Tloc/Air       12%        N/A       43%         3
 Arcjolt                  Conj/Air       1%         1d11      100%        5
 Maxwell's Capacitive Co  Air            1%         ∞         100%        8


Dungeon Overview and Level Annotations

Branches:
Dungeon (8/15)             Temple (1/1) D:6
   Lair: D:8-11

Altars:
Cheibriados
Dithmenos
Elyvilon
Fedhas
Hepliaklqana
Kikubaaqudgha
Makhleb
Nemelex Xobeh
Okawaru
Ru
Trog
Uskayaw
Wu Jian
Xom
Yredelemnul

Shops:
D:1 ![*   D:4 [

Annotations:
D:6 2 transporters, tarna41's ghost, novice MiBe
D:7 exclusion: downstairs
D:8 Gastronok


Innate Abilities, Weirdness & Mutations

You are small and have problems with some larger weapons.
You are completely attuned to the shadows.
You have sharp fingernails.
You have a pair of small horns on your head.
You possess an exceptional clarity of mind.


Message History

Aim: Gastronok, wearing a +0 hat (lightly wounded, 94% to hit)
You shoot a bolt. The bolt hits Gastronok!!
Gastronok is moderately wounded.
You shoot a bolt. The bolt hits Gastronok!
Gastronok is moderately wounded.
Gastronok waves his eye-stalks in wide circles.
The air twists around and strikes you!!
Casting: Blink (safe; 11% risk of failure)
Confirm with . or Enter, or press ? or * to list all spells.
You blink.
Fire: s) +0 triple crossbow
Press: ? - help, Q - select action, (/) - cycle Shift-Dir - straight line, f/p - Gastronok
Aim: Gastronok, wearing a +0 hat (moderately wounded, 94% to hit)
You shoot a bolt. The bolt hits Gastronok!
Gastronok is moderately wounded.
You shoot a bolt. The bolt hits Gastronok!!
Gastronok is heavily wounded.
Gastronok waves his eye-stalks in wide circles.
The air twists around and strikes you!!
* * * LOW HITPOINT WARNING * * *
You enter the shallow water.
Moving in this stuff is going to be slow.
Okay, then.
As you read the scroll labelled NOTUC OFIRRYIRGH, it crumbles to dust.
It is a scroll of enchant weapon.
Your +0 triple crossbow glows red for a moment.
You feel stable enough to blink again.
Casting: Blink (safe; 11% risk of failure)
Confirm with . or Enter, or press ? or * to list all spells.
You blink.
Gastronok gurgles, "I bet you'll be tasty."
Fire: s) +1 triple crossbow
Press: ? - help, Q - select action, (/) - cycle Shift-Dir - straight line, f/p - Gastronok
Aim: Gastronok, wearing a +0 hat (water, heavily wounded, 94% to hit)
You shoot a bolt. The bolt hits Gastronok!!
Gastronok is severely wounded.
Gastronok waves his eye-stalks in wide circles.
The air twists around and strikes you!!
You die...
Fedhas appreciates your contribution to the ecosystem.

.Y# .. ... .##..# .###
... ...##.#..# #
...##.... .......##..
.......[.. #.......#.
..........#.##..(.<....
#.............?)#......
##..........#~.##>.....
####.......~~~.@......
##.........~≈~.###.###
. ##......#...w≈≈.#
.... .
.......##.#~~≈≈~.
......## #
.......#...~≈≈≈~.
........###
..........[~≈≈≈≈.
#.......#..
..........[[#####
..........>
..#.............
.......y###
..##........####
.......##.#≈≈


You could see Gastronok.

Vanquished Creatures
  Sigmund (D:4)
  2 steam dragons
  2 water moccasins (D:8)
  2 ogres
  A centaur (D:8)
  2 kobold brigands (D:7)
  2 bullfrogs
  2 scorpions
  11 killer bees
  An electric eel (D:8)
  2 hounds
  A jelly (D:6)
  3 orc priests
  3 iguanas
  2 orc wizards
  2 gnolls
  8 adders
  A shadow imp (D:5)
  2 white imps
  2 ufetubi
  3 worms
  5 dart slugs
  22 orcs
  9 endoplasms
  2 giant cockroaches (D:2)
  8 goblins
  7 hobgoblins
  13 kobolds
  3 quokkas
  15 ball pythons
  5 bats
  5 frilled lizards
  10 rats
159 creatures vanquished.

Vanquished Creatures (collateral kills)
  A scorpion (D:4)
1 creature vanquished.

Vanquished Creatures (others)
  A kobold (D:7)
  4 fungi (D:8)
  6 plants (D:8)
11 creatures vanquished.

Grand Total: 171 creatures vanquished

Notes
Turn   | Place    | Note
-------+----------+-------------------------------------------
     0 | D:1      | bobo the Kobold Hunter began the quest for the Orb.
     0 | D:1      | Reached XP level 1. HP: 12/12 MP: 1/1
    54 | D:1      | Reached XP level 2. HP: 18/18 MP: 2/2
    97 | D:1      | Found Wili's Assorted Antiques.
   106 | D:1      | Found Emiar's Distillery.
   328 | D:1      | Reached XP level 3. HP: 22/22 MP: 3/3
   397 | D:1      | Found Tisudghay's Antique Armour Shoppe.
  1024 | D:2      | Reached XP level 4. HP: 27/28 MP: 4/4
  1212 | D:2      | Reached skill level 6 in Ranged Weapons
  1871 | D:3      | Reached XP level 5. HP: 32/32 MP: 5/5
  2643 | D:3      | Found a sacrificial altar of Ru.
  2643 | D:3      | Found a sparkling altar of Nemelex Xobeh.
  2643 | D:3      | Found an ornate altar of the Wu Jian Council.
  2726 | D:4      | Reached XP level 6. HP: 27/38 MP: 6/6
  2812 | D:4      | Reached skill level 5 in Stealth
  2819 | D:4      | Noticed a water moccasin
  2843 | D:4      | Found a shadowy altar of Dithmenos.
  2909 | D:4      | Reached skill level 7 in Ranged Weapons
  2938 | D:4      | Found Foolil's Antique Armour Shop.
  3196 | D:4      | Found an ancient bone altar of Kikubaaqudgha.
  3245 | D:4      | Reached XP level 7. HP: 44/44 MP: 7/7
  3263 | D:4      | Noticed Sigmund
  3456 | D:5      | Entered Level 5 of the Dungeon
  3699 | D:5      | Reached skill level 5 in Fighting
  3910 | D:5      | Learned a level 2 spell: Blink
  4177 | D:5      | Found a snail-covered altar of Cheibriados.
  4306 | D:4      | Bought an encrusted leather armour for 168 gold pieces
  4306 | D:4      | Identified the +1 leather armour of Vuas {rElec MP+9} (You
                  | bought it in a shop on level 4 of the Dungeon)
  4548 | D:6      | Noticed tarna41's ghost (novice MiBe)
  4549 | D:6      | Found a transporter.
  4550 | D:6      | Noticed a two-headed ogre
  4563 | D:6      | Found a staircase to the Ecumenical Temple.
  4569 | Temple   | Entered the Ecumenical Temple
  4684 | Temple   | Became a worshipper of Fedhas Madash
  4733 | D:5      | Reached skill level 1 in Spellcasting
  4733 | D:5      | Reached skill level 1 in Translocations
  4841 | D:6      | Reached skill level 8 in Ranged Weapons
  5028 | D:6      | Reached XP level 8. HP: 50/50 MP: 10/10
  5218 | D:6      | Found a transporter.
  5282 | D:6      | Found a basalt altar of Yredelemnul.
  6159 | D:7      | Reached skill level 9 in Ranged Weapons
  6380 | D:7      | Reached XP level 9. HP: 50/56 MP: 13/13
  6558 | D:7      | Identified the +1 sling "Pawejuyst" {freeze, rCorr Str+3
                  | Int+2}
  6568 | D:7      | Found a bloodstained altar of Trog.
  7066 | D:4      | Killed Sigmund
  7393 | D:8      | Reached * piety under Fedhas
  7465 | D:8      | Noticed Gastronok
  7688 | D:8      | Reached skill level 1 in Invocations
  7974 | D:7      | Reached skill level 10 in Ranged Weapons
  8638 | D:7      | Gained mutation: You have sharp fingernails. [potion of
                  | mutation]
  8638 | D:7      | Gained mutation: You have a pair of small horns on your
                  | head. [potion of mutation]
  8638 | D:7      | Gained mutation: You possess an exceptional clarity of
                  | mind. [potion of mutation]
  8755 | D:1      | Bought a runed hat for 168 gold pieces
  8957 | D:8      | Killed from afar by Gastronok

Illustrated notes

Levels and vault maps discovered:
D:1:      reono_arrival_forest_river, layout_rooms, serial_shops, shop,
          nicolae_shop_overgrown_old_shop, shop, minmay_misc_feat_alley,
          minmay_pentomino_s2
D:2:      layout_basic, kennysheep_generic_room_3
D:3:      minmay_angry_zag, layout_loops_ring, gammafunk_temple_overflow_claw,
          grunt_ministairs_11, minmay_shallow_snake_nest
D:4:      layout_cave_pools, grunt_dithmenos_smoke,
          mainiacjoe_overflow_chevrons, serial_shops, shop, uniq_sigmund
D:5:      layout_loops_ring, overflow_temple_1_default
D:6:      layout_loops_ring, yredelemnul_altar_generic,
          minmay_temple_entry_ruins, gammafunk_ghost_smash
D:7:      layout_loops_ring, mainiacjoe_overflow_six_doors_small
D:8:      layout_cave_pools, vehumet_crystals, dpeg_oklobed_lair, serial_ice,
          serial_ice_l, serial_ice_e, serial_ice_m, serial_ice_c,
          nicolae_shop_unique_rings, uniq_pikel, uniq_gastronok
Temple:   nicolae_temple_bog_church

Skill      XL: |  1  2  3  4  5  6  7  8  9 |
---------------+----------------------------+-----
Stealth        | 2 3 4 5 6 |  6.5
Fighting       | 3 4 5 6 7 |  7.7
Ranged Weapons | 6 7 8 9 10 | 10.2
Spellcasting   | 1 3 4 |  4.0
Translocations | 1 3 4 |  4.0
Invocations    | 2 |  2.9
Dodging        | |  2.4

Action                     |  1- 3 |  4- 6 |  7- 9 || total
---------------------------+-------+-------+-------++-------
  Melee: Shortbow          |       |       |     1 ||     1
   Fire: Shortbow          |    78 |   189 |   218 ||   485
         Triple crossbow   |       |       |    56 ||    56
   Cast: Blink             |       |       |     8 ||     8
    Use: Scroll            |       |    11 |     8 ||    19
         Potion            |       |       |     9 ||     9
 Armour: Leather armour    |     2 |    11 |    37 ||    50
  Dodge: Dodged            |    29 |    89 |   282 ||   400

Table legend: (Time is in decaauts)
 A = Elapsed time spent in this place.
 B = Non-inter-level travel time spent in this place.
 C = Inter-level travel time spent in this place.
 D = Time resting spent in this place.
 E = Time spent auto-exploring this place.
 F = Levels seen in this place.
 G = Mean time per level.
                   A        B        C        D        E       F      G
               +--------+--------+--------+--------+--------+-----+--------+
         Total |   9133 |   7858 |   1275 |   1182 |   4970 |   9 | 1014.8 |
       Dungeon |   8990 |   7733 |   1257 |   1182 |   4857 |   8 | 1123.8 |
        Temple |    143 |    125 |     18 |      0 |    113 |   1 |  143.0 |
               +--------+--------+--------+--------+--------+-----+--------+

Top non-repeatable levels by time:
     D:7: 2306 daAuts
     D:2: 1210 daAuts
     D:4: 1152 daAuts
     D:3: 1150 daAuts
     D:6: 1114 daAuts
     D:5: 882 daAuts
     D:1: 707 daAuts
     D:8: 466 daAuts
  Temple: 143 daAuts
